 Dungeon Crawl Stone Soup version 0.28.0 (webtiles) character file.

Game seed: 10153091434163163952

2305 fiver49 the Skirmisher (level 9, -3/72 HPs)
             Began as a Demonspawn Hunter on Feb 13, 2022.
             Was a Follower of Dithmenos.
             Killed from afar by an electric eel (10 damage)
             ... with a bolt of electricity
             ... on level 7 of the Dungeon.
             The game lasted 00:17:16 (8640 turns).

fiver49 the Skirmisher (Demonspawn Hunter)          Turns: 8640, Time: 00:17:16

Health: -3/72      AC:  7    Str: 17    XL:     9   Next: 18%
Magic:  9/9        EV: 13    Int: 13    God:    Dithmenos [*.....]
Gold:   523        SH:  5    Dex: 13    Spells: 8/8 levels left

rFire   . . .      SeeInvis .   E - +0 morningstar
rCold   . . .      Faith    .   (no shield)
rNeg    . . .      Spirit   .   m - +0 ring mail
rPois   .          Reflect  +   l - +0 helmet
rElec   .          Harm     .   (no cloak)
rCorr   .          Rampage  .   (no gloves)
Will    .....                   o - +0 pair of boots
Stlth   +++.......              A - amulet of reflection
HPRegen 0.22/turn               (no ring)
MPRegen 0.11/turn               (no ring)

@: wreathed by umbra
A: foul stench 1, spiny 2, demonic touch 1
a: Renounce Religion


You were on level 7 of the Dungeon.
You worshipped Dithmenos.
Dithmenos was aware of your devotion.
You visited 1 branch of the dungeon, and saw 7 of its levels.
You also visited: Sewer.

You collected 523 gold pieces.

Inventory:

Hand Weapons
 a - a +0 short sword
 D - a +2 dagger of speed
   (You took it off an orc on level 5 of the Dungeon)
 E - a +0 morningstar (weapon)
   (You found it on level 6 of the Dungeon)
Missiles
 c - 5 javelins
 d - 4 throwing nets
 r - 5 silver javelins
 v - 3 boomerangs (quivered)
 I - 2 silver boomerangs
Armour
 b - a +0 leather armour
 l - a +0 helmet (worn)
   (You took it off Robin on level 1 of the Dungeon)
 m - a +0 ring mail (worn)
   (You found it on level 2 of the Dungeon)
 o - a +0 pair of boots (worn)
   (You found it on level 2 of the Dungeon)
Jewellery
 A - an amulet of reflection (around neck)
   (You found it on level 5 of the Dungeon)
 C - a ring of fire
   (You found it on level 5 of the Dungeon)
Wands
 t - a wand of acid (13)
   (You found it on level 4 of the Dungeon)
Scrolls
 e - a scroll of torment {unknown}
 f - 3 scrolls of fog {unknown}
 h - 8 scrolls of blinking {unknown}
 j - 5 scrolls of identify {unknown}
 k - a scroll of noise {unknown}
 u - 2 scrolls of teleportation {unknown}
 w - 3 scrolls of enchant armour {unknown}
 F - a scroll of vulnerability {unknown}
 G - a scroll of immolation {unknown}
Potions
 g - 2 potions of brilliance {unknown}
 i - 3 potions of might {unknown}
 n - 6 potions of flight
 p - 2 potions of curing
 q - a potion of haste {unknown}
 x - 2 potions of heal wounds
 z - a potion of mutation
 B - 2 potions of invisibility {unknown}
 H - a potion of cancellation {unknown}


   Skills:
 - Level 7.0 Fighting
 * Level 2.5 Maces & Flails
 - Level 3.6 Throwing
 + Level 6.5 Dodging
 - Level 7.0 Stealth


You had 8 spell levels left.
You didn't know any spells.
Your spell library contained the following spells:

 Spells                   Type           Power      Damage    Failure   Level
 Sandblast                Erth           0%         2d4       50%         1
 Sting                    Tmut/Pois      0%         1d3       50%         1
 Corpse Rot               Necr/Air       0%         N/A       65%         2
 Passwall                 Tmut/Erth      0%         N/A       65%         2
 Poisonous Vapours        Pois/Air       0%         N/A       65%         2
 Ignite Poison            Fire/Tmut/Pois 0%         N/A       86%         3
 Mephitic Cloud           Conj/Pois/Air  0%         N/A       86%         3
 Stone Arrow              Conj/Erth      0%         3d7       86%         3
 Hailstorm                Conj/Ice       0%         3d3       99%         4
 Ice Form                 Ice/Tmut       0%         N/A       99%         4
 Olgreb's Toxic Radiance  Pois           0%         N/A       99%         4
 Freezing Cloud           Conj/Ice/Air   0%         6-21      100%        5
 Simulacrum               Ice/Necr       0%         N/A       100%        6


Dungeon Overview and Level Annotations

Branches:
Dungeon (7/15)              Sewer (visited)
 Temple: D:4-7

Altars:
Ashenzari
Dithmenos
Makhleb
Sif Muna
Uskayaw
The Shining One

Annotations:
D:3 3 runed translucent doors, exclusion: 3 doors, Jingleheimer's ghost, weakling DrTm


Innate Abilities, Weirdness & Mutations

You may rarely emit foul miasma when damaged in melee.
You are mostly covered in sharp spines.
Your touch may inflict minor irresistible damage on your foes.


Message History

There is a shimmering blue altar of Sif Muna here.
You see here a potion of degeneration.
There is an open door here.
A gnoll is nearby!
You closely miss the gnoll.
The gnoll shouts!
You block the gnoll's attack.
You hit the gnoll.
The gnoll is moderately wounded.
You block the gnoll's attack. The gnoll is struck by your spines.
The gnoll barely misses you.
You barely miss the gnoll.
You touch the gnoll.
You kill the gnoll!
Dithmenos accepts your kill.
No target in view!
You see here a +0 whip.
A gnoll is nearby!
The gnoll shouts!
The gnoll is struck by your spines. The gnoll hits you but does no damage.
You barely miss the gnoll.
The gnoll is heavily wounded.
You block the gnoll's attack.
A scorpion comes into view.
You closely miss the gnoll.
The gnoll is heavily wounded.
The gnoll is struck by your spines.
You kill the gnoll!
Dithmenos accepts your kill.
No target in view!
Things that are here:
a +0 club; a gnoll corpse You puncture the scorpion!
The scorpion is heavily wounded.
The scorpion completely misses you. The scorpion misses you.
You hit the scorpion but do no damage. Your touch misses the scorpion.
The scorpion is heavily wounded.
The scorpion misses you.
You closely miss the scorpion.
The scorpion is heavily wounded.
The scorpion stings you but does no damage.
The scorpion is struck by your spines. The scorpion closely misses you.
You hit the scorpion.
The scorpion is severely wounded.
The scorpion misses you. The scorpion is struck by your spines.
You kill the scorpion!
Dithmenos accepts your kill.
You are shrouded in an aura of darkness!
Training target 7.0 for Stealth reached!
Your Stealth skill increases to level 7!
You enter the shallow water.
Moving in this stuff is going to be slow.
You enter the shallow water.
Moving in this stuff is going to be slow.
Things that are here:
a +0 club; a gnoll corpse An electric eel comes into view.
The electric eel shoots out a bolt of lightning at you!
The bolt of electricity hits you!
Okay, then.
You start resting.
An electric eel is nearby!
You start resting.
HP restored.
The electric eel shoots out a bolt of lightning at you!
The bolt of electricity hits you.
The electric eel shoots out a bolt of lightning at you!
The bolt of electricity hits you!
An electric eel comes into view.
The electric eel moves out of view.
You closely miss the electric eel.
The electric eel shoots out a bolt of lightning at you!
The bolt of electricity hits you.
The electric eel shoots out a bolt of lightning at you!
The bolt of electricity hits you.
You hit the electric eel.
The electric eel is lightly wounded.
You hit the electric eel. Your touch misses the electric eel.
The electric eel is heavily wounded.
You closely miss the electric eel. Your touch misses the electric eel.
The electric eel is heavily wounded.
The electric eel shoots out a bolt of lightning at you!
The bolt of electricity hits you!
The electric eel shoots out a bolt of lightning at you!
The bolt of electricity hits you!
You are too injured to fight recklessly!
You are too injured to fight recklessly!
You are too injured to fight recklessly!
You closely miss the electric eel.
The electric eel is heavily wounded.
The electric eel shoots out a bolt of lightning at you!
The bolt of electricity hits you!
The electric eel shoots out a bolt of lightning at you!
The bolt of electricity hits you!
* * * LOW HITPOINT WARNING * * *
The electric eel shoots out a bolt of lightning at you!
The bolt of electricity hits you!
* * * LOW HITPOINT WARNING * * *
The electric eel shoots out a bolt of lightning at you!
The bolt of electricity hits you!
You die...

.....##.##.###...........#.#.....
...>.##............(.......#.....
.....####...##...........###.....
.....# #....####.#...#.### ###...
≈≈♣≈## #....## #.#...#.# #.....
♣P≈≈ ♣.#...###.......# #.#...
PP≈≈ ♣P≈♣....##.#.....# #.#.##
≈≈P≈♣S.........#..#####.#..# ≈≈≈
♣≈...##@..........#.....
♣≈≈≈≈♣P)###.###..####.......
≈≈≈≈≈≈≈≈≈###......####.#.....
≈≈P≈≈≈≈≈♣.######.##..........
≈≈≈≈≈≈≈♣♣.######.##.##)#..##.
≈≈P≈P♣♣P............##.#..##.
≈♣≈≈≈≈≈########..............
≈≈♣♣♣ #.######.##.### ≈≈ #.#
#.##.#..


You could see an electric eel.

Vanquished Creatures
  Sigmund (D:2)
  An orc warrior (D:7)
  2 black bears
  A sky beast (D:6)
  4 ogres
  A phantom (D:6)
  A centaur (D:5)
  A kobold brigand (D:6)
  2 scorpions
  3 bullfrog zombies
  A hound (D:5)
  2 jellies
  4 orc priests
  2 centaur skeletons
  A gnoll shaman (D:7)
  2 orc wizards
  2 iguanas
  A scorpion zombie (D:5)
  A killer bee zombie (D:6)
  A hound skeleton (D:5)
  Robin (D:1)
  15 gnolls
  15 adders
  A howler monkey skeleton (D:5)
  7 river rats
  A white imp (D:6)
  2 ufetubi
  5 worms
  2 dart slugs (D:2)
  18 orcs
  15 ball pythons
  14 endoplasms
  4 giant cockroaches
  11 goblins
  10 hobgoblins
  6 jackals
  5 quokkas
  12 bats
  7 frilled lizards
  16 kobolds
  9 rats
210 creatures vanquished.

Vanquished Creatures (others)
  30 plants
30 creatures vanquished.

Grand Total: 240 creatures vanquished

Notes
Turn   | Place    | Note
-------+----------+-------------------------------------------
     0 | D:1      | fiver49 the Demonspawn Hunter began the quest for the Orb.
     0 | D:1      | Reached XP level 1. HP: 16/16 MP: 1/1
   159 | D:1      | Reached skill level 1 in Stealth
   186 | D:1      | Reached skill level 2 in Dodging
   229 | D:1      | HP: 3/16 [goblin (2)]
   231 | D:1      | Gained mutation: Your touch may inflict minor irresistible
                  | damage on your foes. [demonic ancestry]
   231 | D:1      | Reached XP level 2. HP: 5/22 MP: 2/2
   856 | D:1      | Gained mutation: You may rarely emit foul miasma when
                  | damaged in melee. [demonic ancestry]
   856 | D:1      | Reached XP level 3. HP: 25/28 MP: 3/3
  1678 | D:2      | Reached skill level 2 in Stealth
  1688 | D:2      | Noticed Robin
  1712 | D:1      | Killed Robin
  1914 | D:2      | Reached XP level 4. HP: 24/34 MP: 4/4
  2039 | D:2      | Reached skill level 3 in Fighting
  2142 | D:2      | Noticed Sigmund
  2443 | D:2      | HP: 7/35 [something/puff of flame (7)]
  2444 | D:2      | HP: 1/35 [something (7)]
  2450 | D:2      | Killed Sigmund
  2451 | D:2      | Reached skill level 3 in Dodging
  2451 | D:2      | Reached skill level 3 in Stealth
  2451 | D:2      | Reached XP level 5. HP: 17/42 MP: 5/5
  2750 | D:3      | Gained mutation: You are partially covered in sharp spines.
                  | [demonic ancestry]
  2750 | D:3      | Reached XP level 6. HP: 45/48 MP: 6/6
  2924 | D:3      | Reached skill level 4 in Fighting
  3370 | D:3      | Found a runed translucent gate.
  3370 | D:3      | Found a runed translucent gate.
  3370 | D:3      | Found a runed translucent gate.
  3371 | D:3      | Noticed Jingleheimer's ghost (weakling DrTm)
  3988 | D:3      | Reached skill level 4 in Dodging
  4036 | D:4      | Reached skill level 4 in Stealth
  4060 | D:4      | Gained mutation: You are mostly covered in sharp spines.
                  | [demonic ancestry]
  4060 | D:4      | Reached XP level 7. HP: 55/55 MP: 7/7
  4282 | D:4      | Reached skill level 5 in Fighting
  4626 | D:5      | Entered Level 5 of the Dungeon
  4680 | D:5      | Found a glowing drain.
  4684 | Sewer    | Entered a sewer
  5166 | Sewer    | Reached skill level 5 in Stealth
  5898 | D:5      | Reached skill level 5 in Dodging
  6071 | D:5      | Reached XP level 8. HP: 57/64 MP: 8/8
  6529 | D:5      | Reached skill level 6 in Fighting
  6926 | D:6      | Found a burning altar of Makhleb.
  7082 | D:6      | Reached skill level 6 in Stealth
  7162 | D:6      | Found a shadowy altar of Dithmenos.
  7174 | D:6      | Became a worshipper of Dithmenos the Shadowed
  7244 | D:6      | Reached skill level 6 in Dodging
  7382 | D:6      | Found a broken altar of Ashenzari.
  7655 | D:6      | Found a hide-covered altar of Uskayaw.
  7948 | D:7      | Reached skill level 7 in Fighting
  7948 | D:7      | Reached skill level 1 in Maces & Flails
  7948 | D:7      | Reached XP level 9. HP: 70/72 MP: 9/9
  8253 | D:7      | Reached skill level 2 in Maces & Flails
  8464 | D:7      | Found a shimmering blue altar of Sif Muna.
  8556 | D:7      | Reached * piety under Dithmenos
  8557 | D:7      | Reached skill level 7 in Stealth
  8636 | D:7      | HP: 18/72 [electric eel/bolt of electricity (8)]
  8638 | D:7      | HP: 6/72 [electric eel/bolt of electricity (12)]
  8640 | D:7      | Killed from afar by an electric eel

Illustrated notes

Levels and vault maps discovered:
D:1:      dpeg_arrival_three_smaller_balls, layout_basic,
          kennysheep_nondescript, minmay_split_cup_small
D:2:      layout_rooms, uniq_robin, uniq_sigmund
D:3:      layout_basic, overflow_temple_1_default, gammafunk_ghost_necromancy,
          nicolae_figureground_sparkle
D:4:      layout_cave_pools, abandoned_shop
D:5:      layout_basic, gup_sewer_entry_bowl, minmay_misc_feat_columns,
          chequers_garden, chequers_arboretum, grunt_decor_cap
D:6:      minmay_general_purpose_star, layout_rooms, evilmike_ruin_ashenzari,
          mainiacjoe_overflow_catwalk, nicolae_dithmenos_through_a_glass_darkly,
          mainiacjoe_overflow_cross_hatched, lexackson_kobold_supper
D:7:      layout_loops_cross, amcnicky_altar_gilded, temple_statues,
          serial_bayou_lake_a, uniq_harold

Skill      XL: |  1  2  3  4  5  6  7  8  9 |
---------------+----------------------------+-----
Stealth        | 1 2 3 4 5 6 7 |  7.0
Dodging        | 2 3 4 5 6 |  6.5
Fighting       | 3 4 5 7 |  7.0
Maces & Flails | 1 2 |  2.5
Throwing       | |  3.6

Action                   |  1- 3 |  4- 6 |  7- 9 || total
-------------------------+-------+-------+-------++-------
Melee: Short sword       |   109 |   127 |   156 ||   392
       Touch             |    14 |    21 |    44 ||    79
       Punch             |     1 |     3 |     3 ||     7
       Dagger            |       |       |    74 ||    74
       Morningstar       |       |       |    43 ||    43
Throw: Javelin           |    17 |    20 |     1 ||    38
       Throwing net      |       |     2 |       ||     2
       Dart              |       |    12 |    63 ||    75
       Boomerang         |       |       |    18 ||    18
  Use: Potion            |       |     2 |       ||     2
 Stab: Sleeping          |     1 |     5 |     4 ||    10
Armor: Leather armour    |    29 |       |       ||    29
       Ring mail         |       |    45 |    56 ||   101
Dodge: Dodged            |    72 |    75 |   134 ||   281
Block: Other             |       |       |    28 ||    28

Table legend: (Time is in decaauts)
 A = Elapsed time spent in this place.
 B = Non-inter-level travel time spent in this place.
 C = Inter-level travel time spent in this place.
 D = Time resting spent in this place.
 E = Time spent auto-exploring this place.
 F = Levels seen in this place.
 G = Mean time per level.
                   A        B        C        D        E       F      G
               +--------+--------+--------+--------+--------+-----+--------+
         Total |   8871 |   8590 |    281 |    693 |   5981 |   8 | 1108.9 |
       Dungeon |   7850 |   7569 |    281 |    597 |   5431 |   7 | 1121.4 |
         Sewer |   1021 |   1021 |      0 |     96 |    549 |   1 | 1021.0 |
               +--------+--------+--------+--------+--------+-----+--------+

Top non-repeatable levels by time:
     D:1: 1885 daAuts
     D:5: 1411 daAuts
     D:6: 1217 daAuts
   Sewer: 1021 daAuts
     D:4: 1014 daAuts
     D:3: 914 daAuts
     D:2: 851 daAuts
     D:7: 556 daAuts

Table legend:
 A = Kills in this place as a percentage of kills in entire the game.
 B = Kills by you in this place as a percentage of kills by you in the entire game.
 C = Kills by friends in this place as a percentage of kills by friends in the entire game.
 D = Other kills in this place as a percentage of other kills in the entire game.
 E = Experience gained in this place as a percentage of experience gained in the entire game.
 F = Experience gained in this place divided by the number of levels of this place that you have seen.
                   A       B       C       D       E      F
               +-------+-------+-------+-------+-------+----------------------
         Total | 100.0 | 100.0 |   N/A |   N/A | 100.0 | 411.6
       Dungeon |  82.9 |  82.9 |   N/A |   N/A |  94.2 | 443.0
         Sewer |  17.1 |  17.1 |   N/A |   N/A |   5.8 | 192.0
               +-------+-------+-------+-------+-------+----------------------
